 Dungeon Crawl Stone Soup version 0.17.0-28-g6e173f8 (webtiles) character file.

32 Ithica the Grave Robber (level 3, -1/24 HPs)
             Began as a Demonspawn Necromancer on Nov 24, 2015.
             Slain by an iron imp (3 damage)
             ... summoned by Natasha
             ... on level 1 of the Dungeon.
             The game lasted 00:02:47 (907 turns).

Ithica the Grave Robber (Demonspawn Necromancer)     Turns: 907, Time: 00:02:47

Health: -1/24      AC:  2    Str:  8    XL:     3   Next: 8%
Magic:  6/6        EV:  7    Int: 17    God:
Gold:   33         SH:  0    Dex: 15    Spells: 2 memorised, 5 levels left

rFire  . . .     SeeInvis .     (no weapon)
rCold  . . .     Clarity  .     a - +0 robe
rNeg   . . .     SustAt   .     (no shield)
rPois  .         Gourm    .     (no helmet)
rElec  .         Spirit   .     (no cloak)
rCorr  .         Warding  .     (no gloves)
rMut   .         Stasis   .     (no boots)
MR     .....                    (no amulet)
Stlth  ++........               (no ring)
                                (no ring)

@: not resistant to hostile enchantments, unstealthy
A: talons 1, thin skeletal structure 1
a: no special abilities


You were on level 1 of the Dungeon.
You were not hungry.

You visited 1 branch of the dungeon, and saw 2 of its levels.

You collected 33 gold pieces.

Inventory:

Armour
 a - a +0 robe (worn)
Scrolls
 g - a scroll of recharging {unknown}
 h - a scroll of immolation {unknown}
Potions
 d - 3 potions of curing {unknown}
 e - a potion of might {unknown}
 i - a potion of mutation {unknown}
Books
 b - a book of Necromancy

   Spells                             Type                      Level
   a - Pain                           Necromancy                   1
   b - Animate Skeleton               Necromancy                   1
   c - Vampiric Draining              Necromancy                   3
   d - Regeneration                   Charms/Necromancy            3
   e - Animate Dead                   Necromancy                   4
   f - Control Undead                 Necromancy                   4
Comestibles
 c - a bread ration


   Skills:
 + Level 1.8 Dodging
 + Level 1.7 Stealth
 + Level 2.6 Spellcasting
 + Level 5.0 Necromancy


You had 5 spell levels left.
You knew the following spells:

 Your Spells              Type           Power        Failure   Level  Hunger
a - Pain                  Necr           ###.         2%          1    #......
b - Animate Skeleton      Necr           N/A          2%          1    #......


Dungeon Overview and Level Annotations

Branches:
Dungeon (2/15)

Altars:

Annotations:
D:1 Natasha


Innate Abilities, Weirdness & Mutations

You have sharp toenails.
You have a somewhat thin skeletal structure (Dex +2, Stealth).


Message History

Natasha mumbles some strange words.
You feel troubled.
Natasha casts a spell.
Natasha claws you.
There is a stone staircase leading down here.
Natasha barely misses you. The iron imp barely misses you.
You climb downwards.
A gnoll comes into view. It is wielding a club.
There is a stone staircase leading up here.
Natasha closely misses you.
You climb upwards.
The iron imp hits you!
* * * LOW HITPOINT WARNING * * *
There is a stone staircase leading down, spattered with blood here.
Natasha claws you.
* * * LOW HITPOINT WARNING * * *
Natasha closely misses you.
There is a stone staircase leading down here.
You see here an adder skeleton.
The iron imp hits you.
You die...

.# #... #.#Z#.#.##..# #.#
.###.##.#.#.Z...###.###.####
........#.#########........#
....)####.#.......#.†......#
..........'...<...+........#
.....######.......#........#
.....# #########........#
.....# #.......#........#
###### +.>.>h@.'........#
#....5..#......(.#
#########........#
##########


You could see an iron imp and Natasha.

Vanquished Creatures
  An adder (D:1)
  An ooze (D:1)
  2 bats (D:1)
  4 goblins (D:1)
  3 hobgoblins (D:1)
  A kobold (D:1)
  2 giant geckos (D:1)
  A giant newt (D:1)
  A rat (D:1)
16 creatures vanquished.

Notes
Turn   | Place    | Note
--------------------------------------------------------------
     0 | D:1      | Ithica the Demonspawn Necromancer began the quest for the Orb.
     0 | D:1      | Reached XP level 1. HP: 13/13 MP: 3/3
    42 | D:1      | Learned a level 1 spell: Animate Skeleton
    97 | D:1      | Gained mutation: You have sharp toenails. [demonic ancestry]
    97 | D:1      | Reached XP level 2. HP: 16/19 MP: 0/5
   585 | D:1      | Reached skill level 5 in Necromancy
   585 | D:1      | Gained mutation: You have a somewhat thin skeletal structure (Dex +2, Stealth). [demonic ancestry]
   585 | D:1      | Reached XP level 3. HP: 10/24 MP: 0/6
   873 | D:2      | Noticed Natasha
   907 | D:1      | Slain by an iron imp

Action                   || total
-------------------------++-------
 Cast: Pain              ||    27
       Animate Skeleton  ||     5
